 Dungeon Crawl Stone Soup version 0.20.0-8-g6b59dc7 (webtiles) character file.

108476 TravisTheLouse the Spry (level 16, -11/94 HPs)
             Began as a Deep Elf Earth Elementalist on June 2, 2017.
             Was the Champion of Vehumet.
             Killed by the raging water
             ... invoked by a water nymph
              (17 damage)
             ... on level 2 of the Shoals on June 3, 2017.
             The game lasted 03:08:31 (36346 turns).

TravisTheLouse the Spry (DEEE)                     Turns: 36346, Time: 03:08:32

Health: -11/94     AC: 12    Str: 10    XL:     16   Next: 2%
Magic:  32/45      EV: 30    Int: 28    God:    Vehumet [******]
Gold:   800        SH:  6    Dex: 20    Spells: 1/44 levels left

rFire    + + .     SeeInvis +   X - staff of earth
rCold    + + .     Gourm    .   Y - +0 buckler
rNeg     . . .     Faith    .   U - +2 robe {MR+}
rPois    +         Spirit   .   y - +1 helmet of Restlessness {*Contam rPois MP+9 Str+5}
rElec    +         Reflect  .   o - +1 cloak
rCorr    +         Harm     .   M - +2 pair of gloves
MR       ++...                  T - +0 pair of boots
Stlth    +++.......             (no amulet)
Regen    0.3/turn               k - ring "Dutam" {rPois rF+ rC+}
MPRegen  0.3/turn               c - ring of see invisible

@: agile, about to teleport, resistant, very slow
A: no striking features
a: Renounce Religion


You were on level 2 of the Shoals.
You worshipped Vehumet.
Vehumet was exalted by your worship.
You were hungry.

You visited 5 branches of the dungeon, and saw 26 of its levels.
You also visited: Volcano.

You collected 2290 gold pieces.
You spent 1490 gold pieces at shops.

Inventory:

Missiles
 t - 136 stones (quivered)
Armour
 o - a +1 cloak (worn)
 y - the +1 helmet of Restlessness (worn) {*Contam rPois MP+9 Str+5}
   (You took it off Robin on level 3 of the Dungeon)

   It affects your strength (+5).
   It protects you from poison.
   It affects your magic capacity (+9).
   It causes magical contamination when unequipped.
 M - a +2 pair of gloves (worn)
 T - a +0 pair of boots (worn)
 U - a +2 robe of magic resistance (worn)
 Y - a +0 buckler (worn)
Magical Staves
 X - an uncursed staff of earth (weapon)
Jewellery
 c - a ring of see invisible (right hand)
 k - the ring "Dutam" (left hand) {rPois rF+ rC+}
   (You bought it in a shop on level 2 of the Orcish Mines)

   [ring of protection from cold]

   It protects you from fire.
   It protects you from cold.
   It protects you from poison.
 z - an uncursed amulet of rage {unknown}
 Q - an uncursed ring of positive energy
Wands
 q - a wand of lightning (8/15)
 s - a wand of digging (19/24)
 E - a wand of iceblast (4/15)
 G - a wand of clouds (7/9)
 J - a wand of polymorph (16/24)
Scrolls
 a - a scroll of brand weapon
 j - 9 scrolls of teleportation
 l - 2 scrolls of recharging
 m - 9 scrolls of remove curse
 n - 3 scrolls of magic mapping
 w - a scroll of enchant armour
 x - 5 scrolls of identify
 A - 6 scrolls of amnesia
 I - 3 scrolls of immolation
Potions
 f - 4 potions of brilliance
 h - 4 potions of curing
 r - 3 potions of flight
 D - 5 potions of haste
 H - a potion of cancellation
 K - a potion of ambrosia
 N - 2 potions of agility
 S - a potion of mutation
 V - 4 potions of resistance
Books
 b - a book of Conjurations

   Spells                             Type                      Level
   a - Magic Dart                     Conjuration                  1
   b - Searing Ray                    Conjuration                  2
   c - Dazzling Spray                 Conjuration/Hexes            3
   d - Fulminant Prism                Conjuration/Hexes            4
   e - Force Lance                    Conjuration/Translocation    4
   f - Iskenderun's Mystic Blast      Conjuration                  4
 e - a book of Geomancy

   Spells                             Type                      Level
   a - Sandblast                      Earth                        1
   b - Passwall                       Transmutation/Earth          2
   c - Stone Arrow                    Conjuration/Earth            3
   d - Petrify                        Transmutation/Earth          4
   e - Lee's Rapid Deconstruction     Earth                        5
 p - a book of Party Tricks

   Spells                             Type                      Level
   a - Summon Butterflies             Summoning                    1
   b - Apportation                    Translocation                1
   c - Lesser Beckoning               Translocation                3
   d - Tukima's Dance                 Hexes                        3
   e - Alistair's Intoxication        Transmutation/Poison         5
   f - Invisibility                   Hexes                        6
 v - a book of Air

   Spells                             Type                      Level
   a - Shock                          Conjuration/Air              1
   b - Swiftness                      Charms/Air                   2
   c - Static Discharge               Conjuration/Air              3
   d - Airstrike                      Air                          4
   e - Lightning Bolt                 Conjuration/Air              5
 P - a book of the Sky

   Spells                             Type                      Level
   a - Summon Lightning Spire         Summoning/Air                4
   b - Silence                        Hexes/Air                    5
   c - Deflect Missiles               Charms/Air                   6
   d - Conjure Ball Lightning         Conjuration/Air              6
   e - Tornado                        Air                          9
Miscellaneous
 W - a crystal ball of energy
Comestibles
 d - 10 bread rations
 g - 3 meat rations
 i - 3 chunks of flesh
 u - 25 fruits
 B - 6 royal jellies


   Skills:
 - Level 8.6 Fighting
 - Level 15.2 Dodging
 + Level 10.7 Stealth
 - Level 4.5 Shields
 - Level 14.8 Spellcasting
 - Level 13.7 Conjurations
 + Level 3.2 Hexes
 - Level 1.1 Transmutations
 - Level 9.0 Fire Magic
 + Level 3.4 Ice Magic
 - Level 9.4 Earth Magic
 - Level 8.0 Evocations


You had one spell level left.
You knew the following spells:

 Your Spells              Type           Power        Failure   Level  Hunger
a - Sandblast             Erth           ######       1%          1    None
b - Stone Arrow           Conj/Erth      ######       1%          3    None
c - Petrify               Tmut/Erth      ######..     2%          4    None
d - Lee's Rapid Deconstr  Erth           #######...   1%          5    None
e - Iskenderun's Mystic   Conj           #######.     1%          4    None
f - Bolt of Magma         Conj/Fire/Erth #######...   1%          5    None
g - Iron Shot             Conj/Erth      #######...   1%          6    ####...
h - Bolt of Cold          Conj/Ice       ######....   3%          6    ####...
i - Tukima's Dance        Hex            #####...     1%          3    None
j - Invisibility          Hex            #####...     69%         6    ####...


Dungeon Overview and Level Annotations

Branches:
Dungeon (15/15)            Temple (1/1) D:6            Lair (6/6) D:11
 Shoals (2/4) Lair:2       Spider (0/4) Lair:2        Slime (0/5) Lair:5
    Orc (2/2) D:9             Elf (0/3) Orc:2        Vaults (0/5) D:14
 Depths (0/5) D:15

Altars:
Ashenzari
Dithmenos
Fedhas
Gozag
Kikubaaqudgha
Makhleb
Nemelex Xobeh
Okawaru
Qazlal
Ru
Sif Muna
Trog
Uskayaw
Vehumet
Yredelemnul
Zin
Beogh
Jiyva

Shops:
D:8 (   D:11 ?}(=   Orc:2 =*[(

Portals:
Trove: D:10 (give 7 potions of agility)

Annotations:
D:7 mumawa's ghost, novice TeAr
D:8 exclusion: 4 doors
D:15 Agnes
Lair:2 Urug
Lair:3 exclusion: bullfrog, Gastronok
Lair:4 exclusion: oklob plant
Lair:6 exclusions: oklob plant and 1 more exclusion
Shoals:2 Nikola; Polyphemus


Message History

Polyphemus throws a large rock.
You block the large rock.
You hear a splash.
The catoblepas completely misses you.
Okay, then.
You feel agile all of a sudden.
The water nymph points at you and mumbles some strange words.
The water swirls and strikes you!
* * * LOW HITPOINT WARNING * * *
The catoblepas breathes a plume of calcifying dust at you.
The blast of calcifying dust hits you!
The blast of calcifying dust hits the water nymph.
Polyphemus throws a large rock.
You block the large rock.
You hear a splash.
A death yak comes into view.
The death yak moves out of view.
The water nymph is engulfed in calcifying dust.
The water nymph is moving more slowly.
The water nymph points at you and mumbles some strange words.
The water swirls and strikes you!
You die...

≈≈..≈≈≈≈≈≈..
≈≈≈≈.≈≈≈≈≈≈≈≈≈≈≈≈≈≈≈.. ≈
≈≈≈≈≈≈≈≈≈≈≈≈≈≈.≈≈≈≈...
≈≈≈≈≈≈≈≈≈≈≈≈≈≈≈.#.≈≈≈...
≈≈≈ ≈≈≈≈Y...≈≈≈##.E≈≈≈≈.
≈≈≈≈ ≈?≈.....C..........
≈≈≈≈≈ #.Y.###.≈≈≈≈...#..
≈≈≈≈..##Y.# #.§≈≈≈≈.....
≈≈≈≈≈..@§.###§§§≈≈≈...^.
≈...≈§§≈m≈C.E§§§...###..
.....§.≈≈≈.§§§##...####.
..##.....###..§#.....##.
# ##...§.##.....≈≈≈.>..
..........)...≈≈≈≈≈≈≈
$.......≈≈≈≈..≈≈≈≈≈≈≈≈
.......≈≈≈≈≈.≈≈≈≈≈≈≈≈≈
≈≈≈≈..≈≈≈≈≈≈≈≈≈≈≈@≈≈≈≈


You could see Polyphemus, 2 death yaks, a catoblepas, a water elemental and a
water nymph (petrifying).

Vanquished Creatures
  3 orc warlords
  A merfolk impaler (Shoals:2)
  An ettin (Orc:2)
  A yaktaur captain (D:15)
  7 hydras
  2 vault guards (D:14)
  2 catoblepae
  An ogre mage (D:12)
  A merfolk avatar (Shoals:1)
  5 centaur warriors
  10 two-headed ogres
  4 death yaks (Lair:6)
  A merfolk aquamancer (Shoals:1)
  A tengu warrior (D:15)
  5 orc high priests
  Sonja (D:14)
  A fire crab (Lair:6)
  A sea snake (Shoals:2)
  An unseen horror (D:15)
  3 wizards (D:14)
  Pikel (D:6)
  5 harpies (Shoals:2)
  A swamp dragon (Lair:6)
  2 necromancers (D:14)
  5 orc sorcerers
  3 deep elf magi
  9 orc knights
  14 ugly things
  6 cyclopes
  3 manticores
  2 merfolk sirens
  3 centaur zombies
  4 black mambas
  3 elephants (Lair:5)
  A gargoyle (D:12)
  11 spiny frogs
  An efreet (D:15)
  10 komodo dragons
  A yaktaur (Volcano)
  5 trolls
  A rime drake (Lair:6)
  2 polar bears
  3 hornets
  A merfolk (Shoals:2)
  A wind drake (Shoals:2)
  Prince Ribbit (D:8)
  7 slime creatures
  16 blink frogs
  A hippogriff (shapeshifter) (D:13)
  10 hippogriffs
  A snapping turtle (Shoals:2)
  10 dream sheep (Lair:5)
  52 yaks
  6 wraiths
  2 centaur simulacra (D:15)
  2 redbacks
  5 water elementals
  6 wyverns
  18 humans (D:14)
  3 steam dragons
  6 basilisks
  A hungry ghost (D:11)
  3 acid dragons (Lair:6)
  7 wargs
  14 water moccasins
  2 hell hounds (Lair:3)
  6 porcupines
  A swamp drake (Lair:6)
  3 black bears
  3 sky beasts
  4 slaves (D:6)
  A hornet zombie (D:14)
  42 orc warriors
  An ice beast (D:7)
  A necrophage (D:5)
  17 centaurs
  5 phantoms
  11 ogres
  9 wolves
  18 crocodiles
  2 big kobolds
  11 bullfrogs
  5 scorpions
  A wyvern skeleton (D:14)
  3 killer bees (D:12)
  2 howler monkeys
  3 crimson imps
  A wyvern simulacrum (D:14)
  3 jellies
  2 gnoll shamans
  2 hounds
  2 bullfrog skeletons
  27 orc priests
  5 centaur skeletons
  Crazy Yiuf (D:7)
  Ijyb (D:3)
  22 orc wizards
  14 worker ants
  7 iguanas
  4 hell rats (Lair:5)
  A hound zombie (D:6)
  A hound skeleton (D:11)
  Robin (D:3)
  A howler monkey skeleton (D:4)
  A howler monkey zombie (D:5)
  A worker ant zombie (D:8)
  13 gnolls
  11 adders
  3 shadow imps
  An ooze (D:6)
  3 adder zombies
  An adder skeleton (D:7)
  3 worms (D:3)
  2 dart slugs
  7 leopard geckos
  89 orcs
  5 giant cockroaches
  16 goblins
  14 hobgoblins
  23 jackals
  A quokka (D:5)
  A ball python (D:1)
  A ball python skeleton (D:4)
  5 bats
  5 frilled lizards
  13 kobolds
  A quokka skeleton (D:5)
  A quokka zombie (D:5)
  21 rats
  4 fungi (Lair:6)
813 creatures vanquished.

Vanquished Creatures (others)
  A bush (Lair:6)
  21 fungi
  43 plants
65 creatures vanquished.

Grand Total: 878 creatures vanquished

Notes
Turn   | Place    | Note
-------+----------+-------------------------------------------
     0 | D:1      | TravisTheLouse the Deep Elf Earth Elementalist began the quest for the Orb.
     0 | D:1      | Reached XP level 1. HP: 10/10 MP: 6/6
   352 | D:1      | Reached XP level 2. HP: 15/15 MP: 8/8
   610 | D:1      | Reached skill level 3 in Dodging
  1128 | D:1      | Reached XP level 3. HP: 19/19 MP: 6/9
  1133 | D:1      | Learned a level 3 spell: Stone Arrow
  2320 | D:2      | Reached skill level 1 in Conjurations
  2476 | D:2      | Reached XP level 4. HP: 24/24 MP: 9/11
  2547 | D:2      | Found a sacrificial altar of Ru.
  2839 | D:3      | Noticed Ijyb
  3063 | D:3      | Found a basalt altar of Yredelemnul.
  3081 | D:3      | Killed Ijyb
  3464 | D:3      | Noticed Robin
  3468 | D:3      | Killed Robin
  3509 | D:3      | Reached XP level 5. HP: 22/28 MP: 0/13
  3721 | D:3      | Reached skill level 4 in Dodging
  3921 | D:3      | Got a crude helmet
  4062 | D:4      | Noticed an ogre
  4263 | D:4      | Killed an ogre
  4263 | D:4      | Reached XP level 6. HP: 32/32 MP: 7/14
  4690 | D:4      | Identified the +1 helmet of Restlessness {*Contam rPois MP+9 Str+5} (You took it off Robin on level 3 of the Dungeon)
  4725 | D:4      | Reached skill level 5 in Spellcasting
  4845 | D:4      | Reached XP level 7. HP: 36/36 MP: 10/16
  4977 | D:4      | Found a shattered altar of Ashenzari.
  4977 | D:4      | Found a stormy altar of Qazlal.
  5300 | D:5      | Entered Level 5 of the Dungeon
  5395 | D:5      | Found a blossoming altar of Fedhas.
  5396 | D:5      | Found an ancient bone altar of Kikubaaqudgha.
  5423 | D:5      | Reached skill level 5 in Conjurations
  5854 | D:5      | Reached skill level 5 in Dodging
  6130 | D:5      | Reached skill level 5 in Stealth
  6246 | D:5      | Reached XP level 8. HP: 41/41 MP: 12/18
  6522 | D:6      | Reached skill level 5 in Earth Magic
  7723 | D:6      | Found a staircase to the Ecumenical Temple.
  7767 | D:6      | Noticed Pikel
  7905 | D:6      | Killed Pikel
  7905 | D:6      | Reached skill level 6 in Dodging
  7905 | D:6      | Reached XP level 9. HP: 45/45 MP: 7/21
  8076 | Temple   | Entered the Ecumenical Temple
  8194 | Temple   | Became a worshipper of Vehumet
  8359 | D:7      | Noticed Prince Ribbit
  8467 | D:7      | Noticed mumawa's ghost (novice TeAr)
  8627 | D:7      | Found a runed door.
  8631 | D:7      | Noticed Crazy Yiuf
  8633 | D:7      | Killed Crazy Yiuf
  8722 | D:7      | Learned a level 4 spell: Petrify
  8728 | D:7      | Learned a level 5 spell: Lee's Rapid Deconstruction
  9323 | D:8      | Noticed a two-headed ogre
  9342 | D:8      | Killed a two-headed ogre
  9432 | D:8      | Reached skill level 7 in Dodging
  9527 | D:8      | Noticed a two-headed ogre
  9533 | D:8      | Killed a two-headed ogre
  9533 | D:8      | Reached skill level 1 in Evocations
  9533 | D:8      | Reached XP level 10. HP: 50/50 MP: 6/24
  9548 | D:8      | Killed Prince Ribbit
  9835 | D:8      | Found Weogocot's Weapon Shop.
  9929 | D:8      | Reached * piety under Vehumet
  9929 | D:8      | Offered knowledge of Freeze by Vehumet.
 10280 | D:8      | Noticed a two-headed ogre
 10306 | D:8      | Killed a two-headed ogre
 10870 | D:10     | Entered Level 10 of the Dungeon
 10951 | D:11     | Noticed a cyclops
 11067 | D:11     | Found Micwuz's Gadget Shoppe.
 11384 | D:11     | Found Dexzifer's Magic Scroll Boutique.
 11387 | D:11     | Bought a scroll of identify for 28 gold pieces
 11408 | D:11     | Reached skill level 8 in Dodging
 11422 | D:11     | Found Uzavack's Weapon Boutique.
 11826 | D:11     | Found Fokko's Jewellery Shop.
 11832 | D:11     | Offered knowledge of Sting by Vehumet.
 12011 | D:10     | Paralysed by a hornet for 2 turns
 12035 | D:10     | Reached ** piety under Vehumet
 12218 | D:10     | Noticed a gargoyle
 12457 | D:9      | Reached skill level 10 in Conjurations
 12469 | D:9      | Reached skill level 9 in Dodging
 12630 | D:9      | Reached XP level 11. HP: 54/54 MP: 22/26
 12906 | D:9      | Found a staircase to the Orcish Mines.
 13270 | D:9      | Reached skill level 5 in Evocations
 13282 | D:9      | Reached skill level 10 in Spellcasting
 13876 | D:10     | Found a portal to a secret trove of treasure.
 13948 | D:10     | Noticed a two-headed ogre
 13959 | D:10     | Killed a two-headed ogre
 14151 | D:10     | Noticed a two-headed ogre
 14164 | D:10     | Killed a two-headed ogre
 14573 | D:10     | Found a deep blue altar of Sif Muna.
 14928 | D:11     | Noticed a two-headed ogre
 14950 | D:11     | Killed a two-headed ogre
 14950 | D:11     | Reached skill level 1 in Shields
 14986 | D:11     | Reached skill level 10 in Dodging
 14996 | D:11     | Offered knowledge of Throw Flame by Vehumet.
 15345 | D:11     | Reached *** piety under Vehumet
 15438 | D:11     | Found a staircase to the Lair.
 15528 | Lair:1   | Entered Level 1 of the Lair of Beasts
 16507 | Lair:1   | Reached XP level 12. HP: 59/59 MP: 24/28
 16700 | Lair:1   | Offered knowledge of Inner Flame by Vehumet.
 17117 | Lair:2   | Noticed a six-headed hydra
 17281 | Lair:2   | Noticed Urug
 17289 | Lair:2   | Found a hole to the Spider Nest.
 17509 | Lair:2   | Found a staircase to the Shoals.
 17618 | Lair:2   | Killed a six-headed hydra
 17618 | Lair:2   | Reached skill level 1 in Fighting
 18000 | Lair:3   | Found a dark tunnel.
 18115 | Volcano  | Entered a volcano
 18196 | Volcano  | Noticed a centaur warrior
 18207 | Volcano  | Killed a centaur warrior
 18207 | Volcano  | Reached skill level 11 in Dodging
 18383 | Volcano  | Noticed a red draconian
 18796 | Lair:3   | Noticed Gastronok
 19107 | Lair:3   | Reached **** piety under Vehumet
 19107 | Lair:3   | Reached skill level 10 in Stealth
 19556 | Lair:3   | You fall through a shaft for 2 floors!
 19560 | Lair:5   | Offered knowledge of Bolt of Magma by Vehumet.
 19678 | Lair:5   | Learned a level 5 spell: Bolt of Magma
 19816 | Lair:5   | Reached skill level 12 in Dodging
 19991 | Lair:4   | Noticed a six-headed hydra
 20034 | Lair:4   | Killed a six-headed hydra
 20410 | Lair:3   | Reached skill level 1 in Fire Magic
 20806 | Lair:4   | Found a shadowy altar of Dithmenos.
 21543 | Lair:5   | Reached XP level 13. HP: 72/72 MP: 25/29
 21844 | Lair:5   | Reached skill level 5 in Fighting
 22463 | Lair:5   | Found a viscous altar of Jiyva.
 22464 | Lair:5   | Found a staircase to the Slime Pits.
 22541 | Lair:5   | You fall through a shaft!
 22541 | Lair:6   | Entered Level 6 of the Lair of Beasts
 22730 | Lair:6   | Reached skill level 5 in Fire Magic
 22891 | Lair:6   | Reached ***** piety under Vehumet
 22891 | Lair:6   | Offered knowledge of Sticky Flame by Vehumet.
 22893 | Lair:6   | calculated
 24458 | Lair:6   | Found a blossoming altar of Fedhas.
 24996 | Lair:6   | Reached XP level 14. HP: 84/84 MP: 26/30
 25432 | Lair:6   | Learned a level 4 spell: Iskenderun's Mystic Blast
 27091 | D:13     | Got a twitching silver ring
 27092 | D:13     | Identified the ring of Awe {rC+ rN+ Str+3} (You found it on level 13 of the Dungeon)
 28368 | D:14     | Offered knowledge of Venom Bolt by Vehumet.
 28537 | D:14     | Noticed Sonja
 28540 | D:14     | Killed Sonja
 28602 | D:14     | Reached skill level 13 in Dodging
 29904 | D:14     | Found a gate to the Vaults.
 30410 | D:15     | Entered Level 15 of the Dungeon
 30465 | D:15     | Reached XP level 15. HP: 89/89 MP: 31/33
 30752 | D:15     | Reached skill level 14 in Dodging
 31127 | D:15     | Found a staircase to the Depths.
 31587 | D:15     | Noticed Agnes
 31788 | Orc:1    | Entered Level 1 of the Orcish Mines
 32543 | Orc:1    | Offered knowledge of Iron Shot by Vehumet.
 32551 | Orc:1    | Learned a level 6 spell: Iron Shot
 33039 | Orc:1    | Noticed an orc warlord
 33050 | Orc:1    | Killed an orc warlord
 33189 | Orc:2    | Entered Level 2 of the Orcish Mines
 33288 | Orc:2    | Found a roughly hewn altar of Beogh.
 33361 | Orc:2    | Noticed an orc warlord
 33372 | Orc:2    | Killed an orc warlord
 33652 | Orc:2    | Found a staircase to the Elven Halls.
 33834 | Orc:2    | Reached skill level 15 in Dodging
 34071 | Orc:2    | Noticed an orc warlord
 34343 | Orc:2    | Killed an orc warlord
 34489 | Orc:2    | Reached ****** piety under Vehumet
 34656 | Orc:2    | Offered knowledge of Bolt of Cold by Vehumet.
 34666 | Orc:2    | Learned a level 6 spell: Bolt of Cold
 34712 | Orc:2    | Found Ydan's Antique Armour Shop.
 34713 | Orc:2    | Found Etio's Antique Weapon Shop.
 34715 | Orc:2    | Found Tyfoij's General Store.
 34715 | Orc:2    | Found Jyn Dapn's Jewellery Boutique.
 34725 | Orc:2    | Reached skill level 1 in Ice Magic
 34844 | Orc:2    | Bought a cursed amulet of inaccuracy for 22 gold pieces
 34908 | Orc:2    | Bought an embroidered robe for 125 gold pieces
 34908 | Orc:2    | Bought an embroidered robe for 125 gold pieces
 34960 | Orc:2    | Bought a book of Party Tricks for 650 gold pieces
 34960 | Orc:2    | Bought a potion of heal wounds for 65 gold pieces
 34961 | Orc:2    | Bought the ring "Dutam" {rPois rF+ rC+} for 475 gold pieces
 35298 | Shoals:1 | Entered Level 1 of the Shoals
 35362 | Shoals:1 | Learned a level 3 spell: Tukima's Dance
 35369 | Shoals:1 | Learned a level 6 spell: Invisibility
 35496 | Shoals:1 | Reached skill level 1 in Hexes
 36306 | Shoals:2 | Reached XP level 16. HP: 90/94 MP: 32/36
 36312 | Shoals:2 | Noticed Nikola
 36333 | Shoals:2 | Noticed Polyphemus
 36346 | Shoals:2 | Killed from afar by a water nymph

Skill      XL: |  1  2  3  4  5  6  7  8  9 10 11 12 13 14 15 |
---------------+----------------------------------------------+-----
Dodging        | 3 4 5 6 7 9 10 12 13 15 | 15.2
Stealth        | 3 4 5 6 7 8 10 | 10.7
Conjurations   | 1 2 3 4 6 7 8 10 12 13 | 13.7
Spellcasting   | 4 5 6 8 9 10 12 14 | 14.8
Earth Magic    | 4 6 8 9 |  9.4
Evocations     | 1 4 7 8 |  8.0
Shields        | 3 4 |  4.5
Fighting       | 4 8 |  8.6
Fire Magic     | 2 9 |  9.0
Ice Magic      | 3 |  3.4
Hexes          | 3 |  3.2
Transmutations | |  1.1

Action                   |  1- 3 |  4- 6 |  7- 9 | 10-12 | 13-15 | 16-18 || total
-------------------------+-------+-------+-------+-------+-------+-------++-------
Melee: Short sword       |    38 |       |       |       |       |       ||    38
       Dagger            |    90 |       |       |       |       |       ||    90
       Long sword        |    43 |    27 |       |       |       |       ||    70
       Spear             |       |       |       |     5 |       |       ||     5
       Staff             |       |       |       |     1 |     1 |       ||     2
 Fire: Shortbow          |       |       |    51 |    23 |       |       ||    74
Throw: Stone             |       |       |       |       |    25 |       ||    25
 Cast: Sandblast         |    27 |    61 |    84 |   187 |   312 |       ||   671
       Stone Arrow       |       |    10 |    70 |   286 |   143 |       ||   509
       Lee's Rapid Decon |       |       |     3 |     2 |       |       ||     5
       Petrify           |       |       |       |    20 |     2 |       ||    22
       Bolt of Magma     |       |       |       |    21 |   332 |     1 ||   354
       Iskenderun's Myst |       |       |       |       |     3 |       ||     3
       Iron Shot         |       |       |       |       |    34 |     7 ||    41
Evoke: Wand              |       |       |     1 |    13 |     1 |       ||    15
       Phantom mirror    |       |       |       |     1 |       |       ||     1
  Use: Scroll            |       |     8 |     7 |    15 |    19 |     2 ||    51
       Potion            |       |       |       |     6 |     4 |     5 ||    15
 Stab: Sleeping          |     2 |       |       |       |       |       ||     2
       Distracted        |     1 |       |       |       |       |       ||     1
  Eat: Chunk             |     5 |     7 |    11 |    26 |    53 |       ||   102
       Meat ration       |       |       |     1 |     3 |     2 |       ||     6
       Royal jelly       |       |       |       |       |     4 |       ||     4
Armor: Robe              |    23 |     4 |     7 |    12 |     4 |     2 ||    52
       Skin              |       |       |       |     4 |       |       ||     4
       Steam dragon scal |       |       |       |    13 |    31 |       ||    44
Dodge: Dodged            |   127 |    45 |    27 |   133 |   183 |     4 ||   519
Block: Buckler           |       |       |       |     6 |    56 |     3 ||    65
       Rpst.: Long sword |    15 |    11 |       |       |       |       ||    26
